 Dungeon Crawl Stone Soup version 0.28.0-53-g5a82cb258f (webtiles) character file.

Game seed: 17754654576931376619

63 SanguineChosen the Skirmisher (level 4, -6/29 HPs)
             Began as a Gargoyle Berserker on June 29, 2022.
             Was a Believer of Trog.
             Killed by divine providence
             ... invoked by an orc priest
              (9 damage)
             ... on level 3 of the Dungeon.
             The game lasted 00:06:07 (3551 turns).

SanguineChosen the Skirmisher (Gargoyle Berserker)  Turns: 3551, Time: 00:06:07

Health: -6/29      AC:  6    Str: 22    XL:     4   Next: 10%
Magic:  4/4        EV: 11    Int:  8    God:    Trog [**....]
Gold:   80         SH:  0    Dex:  9    Spells: 3/3 levels left

rFire   . . .      SeeInvis .   a - +0 mace
rCold   . . .      Faith    .   (no shield)
rNeg    + . .      Spirit   .   f - +0 leather armour
rPois   ∞          Reflect  .   (no helmet)
rElec   +          Harm     .   (no cloak)
rCorr   .          Rampage  .   (no gloves)
Will    .....                   (no boots)
Stlth   +.........              (no amulet)
HPRegen 0.09/turn               (no ring)
MPRegen 0.09/turn               (no ring)

@: mighty
A: sickness immunity, AC +3, negative energy resistance 1, electricity
resistance, torment resistance 1, petrification resistance
a: Renounce Religion, Berserk, Trog's Hand


You were on level 3 of the Dungeon.
You worshipped Trog.
Trog was pleased with you.
You visited 1 branch of the dungeon, and saw 3 of its levels.

You collected 80 gold pieces.

Inventory:

Hand Weapons
 a - a +0 mace (weapon)
Armour
 f - a +0 leather armour (worn)
Scrolls
 b - 2 scrolls of fear {unknown}
 d - a scroll of holy word {unknown}
 g - a scroll of magic mapping {unknown}
 j - a scroll of vulnerability {unknown}
 k - a scroll of blinking {unknown}
Potions
 c - 2 potions of berserk rage {unknown}
 e - a potion of might
 h - a potion of mutation {unknown}
Miscellaneous
 l - a condenser vane


   Skills:
 + Level 4.2 Fighting
 + Level 3.7 Maces & Flails
 + Level 2.4 Armour
 + Level 1.8 Dodging
 + Level 1.0 Stealth


You had 3 spell levels left.
You didn't know any spells.
Your spell library was empty.

Dungeon Overview and Level Annotations

Branches:
Dungeon (3/15)

Altars:


Innate Abilities, Weirdness & Mutations

You are immune to sickness and miasma.
Your stone body is resilient. (AC +3)
You are immune to poison.
You resist negative energy. (rN+)
You are resistant to electric shocks. (rElec)
You are resistant to unholy torment.
You are immune to petrification.


Message History

The orc is almost dead.
The orc barely misses you.
You closely miss the orc.
The orc is almost dead.
The orc hits you with a +0 hand axe.
You closely miss the orc.
The orc is almost dead.
The orc barely misses you.
You barely miss the orc.
The orc is almost dead.
The orc hits you with a +0 hand axe. x2
You hit the orc.
The orc is almost dead.
The orc hits you but does no damage.
You thump the orc!
You kill the orc!
Trog accepts your kill.
You start resting.
An orc priest comes into view. It is wielding a +0 short sword.
The orc priest invokes the aid of Beogh against you.
Pain shoots through your body!
The orc priest miscasts a cantrip.
You closely miss the orc priest.
The orc priest hits you with a +0 short sword.
You closely miss the orc priest. You punch the orc priest.
The orc priest is lightly wounded.
The orc priest mumbles some strange prayers to Beogh against you.
Beogh smites you!
* * * LOW HITPOINT WARNING * * *
The orc priest hits you but does no damage.
It was a potion of magic.
Magic courses through your body. The orc priest completely misses you.
It was a potion of might.
You feel very mighty all of a sudden.
The orc priest miscasts a cantrip.
You hit the orc priest.
The orc priest is heavily wounded.
The orc priest invokes the aid of Beogh against you.
Beogh smites you!
You die...

#.###.#........######.#.#.#
##...##.........# #.#.#.#
.##.##.........## #.#.#.#
........#.....## #.#.#.#
..#####.##....#### ##.#.#.#
.................# #......#
#.#####.###.#.##.# #..#.###
...# #.#.##.# #..#.# .....#
#.#.##@# #..#)# #####.#
#.#.##o###..#.# ......#
#....†......#)#
...≈..#####.##........#
......^.....)......####
.o.....##.##########
.o..... #.# ...B..# #.#
...... #.#


You could see an orc priest.

Vanquished Creatures
  An adder (D:3)
  A worm (D:2)
  A dart slug (D:1)
  4 orcs (D:3)
  2 ball pythons
  7 endoplasms
  A giant cockroach (D:2)
  2 goblins (D:1)
  5 hobgoblins
  A quokka (D:1)
  6 bats
  4 frilled lizards
  3 kobolds
  5 rats
43 creatures vanquished.

Notes
Turn   | Place    | Note
-------+----------+-------------------------------------------
     0 | D:1      | SanguineChosen the Gargoyle Berserker began the quest for
                  | the Orb.
     0 | D:1      | Reached XP level 1. HP: 14/14 MP: 1/1
   206 | D:1      | Found a faded altar of an unknown god.
   885 | D:1      | Reached XP level 2. HP: 16/20 MP: 2/2
  2175 | D:2      | Reached skill level 4 in Fighting
  2175 | D:2      | Reached XP level 3. HP: 20/24 MP: 3/3
  2736 | D:2      | Reached ** piety under Trog
  3250 | D:3      | Reached skill level 1 in Stealth
  3382 | D:3      | Reached XP level 4. HP: 29/29 MP: 4/4
  3551 | D:3      | Killed from afar by an orc priest

Illustrated notes

Levels and vault maps discovered:
D:1:      minmay_arrival_solitary_statue, layout_loops_ring,
          shapermc_ecumenical_altar_venn, minmay_misc_feat_pillars,
          kennysheep_small_spiral, minmay_misc_feat_nine_boxes
D:2:      layout_loops_ring, minmay_misc_feat_alley
D:3:      cheibrodos_pilgrimage, layout_loops_ring, minmay_checkerbox

Skill      XL: |  1  2  3 |
---------------+----------+-----
Fighting       | 4 |  4.2
Stealth        | 1 |  1.0
Maces & Flails | |  3.7
Armour         | |  2.4
Dodging        | |  1.8

Action                   |  1- 3 |  4- 6 || total
-------------------------+-------+-------++-------
Melee: Mace              |   102 |    15 ||   117
       Punch             |     1 |     1 ||     2
  Use: Potion            |     1 |     2 ||     3
Armor: Animal skin       |     8 |       ||     8
       Leather armour    |    24 |     4 ||    28
Dodge: Dodged            |    47 |    11 ||    58
